BSA
HOUSTON MARSHALS @ CHICAGO MACHINE
03/25/2028
 
TOP OF THE 1ST
Houston Marshals batting - Pitching for Chicago Machine : RHP Geoffrey Keller
Pitching: RHP Geoffrey Keller
Batting: SHB Ramón Lugo 0-0: Ball
1-0: SINGLE (Line Drive, 8RS)
Batting: LHB Lewis Barr 0-0: Foul Ball, location: 2F
0-1: Ball
1-1: Foul Ball, location: 2F
1-2: Ball
2-2: Ball
3-2: Fly out, F8 (Flyball, 8RS)
Batting: LHB Matt Smith 0-0: Called Strike
0-1: Ball
1-1: Ball
2-1: Called Strike
2-2: Foul Ball, location: 2F
2-2: Foul Ball, location: 2F
2-2: Strikes out swinging
Batting: SHB Juan Gómez 0-0: Ball
1-0: Called Strike
1-1: Ball
2-1: Foul Ball, location: 2F
2-2: Ball
3-2: Ground out 4-3 (Groundball, 34)
Top of the 1st over - 0 run(s), 1 hit(s), 0 error(s), 1 left on base; Houston 0 - Chicago 0
BOTTOM OF THE 1ST
Chicago Machine batting - Pitching for Houston Marshals : RHP Daniel Grant
Pitching: RHP Daniel Grant
Batting: RHB Nick Harris 0-0: Ball
1-0: Called Strike
1-1: Foul Ball, location: 2F
1-2: Ground out 6-3 (Groundball, 6)
Batting: RHB Alden Isenhood 0-0: Swinging Strike
0-1: Foul Ball, location: 2F
0-2: Ball
1-2: Strikes out swinging
Batting: RHB Doug Stephens 0-0: Ball
1-0: SINGLE (Groundball, 6MD)
Batting: SHB José Alomar 0-0: Called Strike
0-1: DOUBLE (Line Drive, 9LM)
Doug Stephens to third
Batting: RHB Sam Wallace 0-0: Called Strike
0-1: Swinging Strike
0-2: Ground out 4-3 (Groundball, 4)
Bottom of the 1st over - 0 run(s), 2 hit(s), 0 error(s), 2 left on base; Houston 0 - Chicago 0
TOP OF THE 2ND
Houston Marshals batting - Pitching for Chicago Machine : RHP Geoffrey Keller
Batting: LHB José Rodríguez 0-0: Ball
1-0: Ground out 5-3 (Groundball, 5D)
Batting: LHB John Peterson 0-0: Ball
1-0: Ground out 4-3 (Groundball, 4)
Batting: RHB Jim Tracy 0-0: Ball
1-0: Ball
2-0: Ball
3-0: Base on Balls
Batting: RHB Sadao Kimura 0-0: Ball
1-0: Swinging Strike
1-1: Foul Ball, location: 2F
1-2: Strikes out swinging
Top of the 2nd over - 0 run(s), 0 hit(s), 0 error(s), 1 left on base; Houston 0 - Chicago 0
BOTTOM OF THE 2ND
Chicago Machine batting - Pitching for Houston Marshals : RHP Daniel Grant
Batting: RHB Roberto Tobías 0-0: Ball
1-0: Ball
2-0: Ball
3-0: Base on Balls
Batting: SHB Lee Townsend 0-0: Ball
1-0: Ball
2-0: Ball
3-0: Called Strike
3-1: Grounds into double play, 4-6-3 (Groundball, 4)
Batting: SHB Joaquín López 0-0: Fly out, F8 (Line Drive, 78D)
Bottom of the 2nd over - 0 run(s), 0 hit(s), 0 error(s), 0 left on base; Houston 0 - Chicago 0
TOP OF THE 3RD
Houston Marshals batting - Pitching for Chicago Machine : RHP Geoffrey Keller
Batting: SHB Álex Rosado 0-0: Called Strike
0-1: Ball
1-1: Ball
2-1: Swinging Strike
2-2: Ball
3-2: Strikes out swinging
Batting: SHB Ramón Lugo 0-0: Ball
1-0: Ball
2-0: Ball
3-0: Base on Balls
Batting: LHB Lewis Barr 0-0: 2-RUN HOME RUN (Flyball, 78XD), Distance : 411 ft
Batting: LHB Matt Smith 0-0: Ground out 5-3 (Groundball, 56)
Batting: SHB Juan Gómez 0-0: Ball
1-0: Ball
2-0: Foul Ball, location: 2F
2-1: Ball
3-1: Fly out, F8 (Flyball, 8RD)
Top of the 3rd over - 2 run(s), 1 hit(s), 0 error(s), 0 left on base; Houston 2 - Chicago 0
BOTTOM OF THE 3RD
Chicago Machine batting - Pitching for Houston Marshals : RHP Daniel Grant
Batting: LHB Tanyu Imai 0-0: Swinging Strike
0-1: Foul Ball, location: 2F
0-2: Ball
1-2: Foul Ball, location: 2F
1-2: Foul Ball, location: 2F
1-2: Ball
2-2: Fly out, F8 (Flyball, 78M)
Batting: RHB Nick Harris 0-0: Called Strike
0-1: Called Strike
0-2: Ball
1-2: Ball
2-2: SINGLE (Line Drive, 34D)
Batting: RHB Alden Isenhood 0-0: Ball
Nick Harris steals 2nd base
1-0: Ball
2-0: Ball
3-0: Called Strike
3-1: Base on Balls
Batting: RHB Doug Stephens 0-0: Foul Ball, location: 2F
0-1: Called Strike
0-2: Ball
1-2: Foul Ball, location: 2F
1-2: Ball
2-2: SINGLE (Groundball, 3D)
Nick Harris to third
Alden Isenhood to second
Runner from 3rd tries for Home, SAFE, no throw
Batting: SHB José Alomar 0-0: Called Strike
0-1: Ground out 5-3 (Groundball, 56S)
Alden Isenhood to third
Doug Stephens to second
Batting: RHB Sam Wallace 0-0: Called Strike
0-1: Ground out 5-3 (Groundball, 5L)
Bottom of the 3rd over - 1 run(s), 2 hit(s), 0 error(s), 2 left on base; Houston 2 - Chicago 1
TOP OF THE 4TH
Houston Marshals batting - Pitching for Chicago Machine : RHP Geoffrey Keller
Batting: LHB José Rodríguez 0-0: Ball
1-0: Called Strike
1-1: Ground out 4-3 (Groundball, 4S)
Batting: LHB John Peterson 0-0: Called Strike
0-1: Ball
1-1: Swinging Strike
1-2: Foul Ball, location: 2F
1-2: Ball
2-2: Strikes out looking
Batting: RHB Jim Tracy 0-0: SINGLE (Groundball, 56S) (infield hit)
Batting: RHB Sadao Kimura 0-0: Called Strike
0-1: Ball
1-1: Ball
2-1: Ball
3-1: Called Strike
3-2: Foul Ball, location: 2F
3-2: Ground out 6-3 (Groundball, 6)
Top of the 4th over - 0 run(s), 1 hit(s), 0 error(s), 1 left on base; Houston 2 - Chicago 1
BOTTOM OF THE 4TH
Chicago Machine batting - Pitching for Houston Marshals : RHP Daniel Grant
Batting: RHB Roberto Tobías 0-0: Fly out, F9 (Flyball, 9LSF)
Batting: SHB Lee Townsend 0-0: Ball
1-0: Swinging Strike
1-1: Ground out 4-3 (Groundball, 4)
Batting: SHB Joaquín López 0-0: Called Strike
0-1: Called Strike
0-2: Ball
1-2: Fly out, F8 (Flyball, 8LM)
Bottom of the 4th over - 0 run(s), 0 hit(s), 0 error(s), 0 left on base; Houston 2 - Chicago 1
TOP OF THE 5TH
Houston Marshals batting - Pitching for Chicago Machine : RHP Geoffrey Keller
Pitching: RHP Zózimo Pascoal
Batting: SHB Álex Rosado 0-0: Ball
1-0: Swinging Strike
1-1: Foul Ball, location: 2F
1-2: Strikes out swinging
Batting: SHB Ramón Lugo 0-0: Called Strike
0-1: Ball
1-1: Ball
2-1: Ground out 4-3 (Groundball, 34)
Batting: LHB Lewis Barr 0-0: SINGLE (Line Drive, 78S)
Batting: LHB Matt Smith 0-0: Called Strike
0-1: Swinging Strike
0-2: Ground out 6-3 (Groundball, 6M)
Top of the 5th over - 0 run(s), 1 hit(s), 0 error(s), 1 left on base; Houston 2 - Chicago 1
BOTTOM OF THE 5TH
Chicago Machine batting - Pitching for Houston Marshals : RHP Daniel Grant
Pitching: RHP Pablo Cabral
Batting: LHB Tanyu Imai 0-0: Ball
1-0: Ball
2-0: Ball
3-0: Called Strike
3-1: Called Strike
3-2: Fly out, F7 (Flyball, 7)
Batting: RHB Nick Harris 0-0: Swinging Strike
0-1: Called Strike
0-2: Fly out, F8 (Line Drive, 8LD)
Batting: RHB Alden Isenhood 0-0: Ground out 5-3 (Groundball, 5)
Bottom of the 5th over - 0 run(s), 0 hit(s), 0 error(s), 0 left on base; Houston 2 - Chicago 1
TOP OF THE 6TH
Houston Marshals batting - Pitching for Chicago Machine : RHP Zózimo Pascoal
Batting: SHB Juan Gómez 0-0: Ball
1-0: Swinging Strike
1-1: Swinging Strike
1-2: Foul Ball, location: 2F
1-2: Foul Ball, location: 2F
1-2: Foul Ball, location: 2F
1-2: Foul Ball, location: 2F
1-2: Ball
2-2: Ball
3-2: Base on Balls
Batting: LHB José Rodríguez 0-0: Ball
1-0: Grounds into double play, 5-4-3 (Groundball, 5L)
Batting: LHB John Peterson 0-0: Called Strike
0-1: Ball
1-1: Called Strike
1-2: Ball
2-2: Ball
3-2: Base on Balls
Batting: RHB Jim Tracy 0-0: Ball
1-0: Called Strike
1-1: Ball
2-1: Ball
3-1: Called Strike
3-2: Foul Ball, location: 2F
3-2: Foul Ball, location: 2F
3-2: Foul Ball, location: 2F
3-2: Ground out 1-3 (Groundball, 15)
Top of the 6th over - 0 run(s), 0 hit(s), 0 error(s), 1 left on base; Houston 2 - Chicago 1
BOTTOM OF THE 6TH
Chicago Machine batting - Pitching for Houston Marshals : RHP Pablo Cabral
Batting: RHB Doug Stephens 0-0: Ball
1-0: Fly out, F9 (Flyball, 9S)
Batting: SHB José Alomar 0-0: Foul Ball, location: 2F
0-1: Fly out, F7 (Flyball, 78S)
Batting: RHB Sam Wallace 0-0: Called Strike
0-1: Foul Ball, location: 2F
0-2: Ball
1-2: Foul Ball, location: 2F
1-2: Fly out, F7 (Flyball, 7S)
Bottom of the 6th over - 0 run(s), 0 hit(s), 0 error(s), 0 left on base; Houston 2 - Chicago 1
TOP OF THE 7TH
Houston Marshals batting - Pitching for Chicago Machine : RHP Zózimo Pascoal
Batting: RHB Sadao Kimura 0-0: Ground out 6-3 (Groundball, 6)
Batting: SHB Álex Rosado 0-0: Ground out 5-3 (Groundball, 56)
Batting: SHB Ramón Lugo 0-0: Swinging Strike
0-1: Swinging Strike
0-2: Foul Ball, location: 2F
0-2: Ball
1-2: Strikes out swinging
Top of the 7th over - 0 run(s), 0 hit(s), 0 error(s), 0 left on base; Houston 2 - Chicago 1
BOTTOM OF THE 7TH
Chicago Machine batting - Pitching for Houston Marshals : RHP Pablo Cabral
Pitching: RHP José Gonzáles
Batting: RHB Roberto Tobías 0-0: Called Strike
0-1: Swinging Strike
0-2: Strikes out looking
Batting: SHB Lee Townsend 0-0: Ball
1-0: Ball
2-0: Ball
3-0: Base on Balls
Batting: SHB Joaquín López 0-0: Grounds into double play, 4-6-3 (Groundball, 4)
Bottom of the 7th over - 0 run(s), 0 hit(s), 0 error(s), 0 left on base; Houston 2 - Chicago 1
TOP OF THE 8TH
Houston Marshals batting - Pitching for Chicago Machine : RHP Zózimo Pascoal
Batting: LHB Mark Thomas 0-0: Ball
1-0: Ball
2-0: Swinging Strike
2-1: Swinging Strike
2-2: Ball
3-2: Base on Balls
Pitching: RHP Víctor Reyes
Pinch Hitting: RHB Chris Parker 0-0: Ball
1-0: Called Strike
1-1: Ball
2-1: Foul Ball, location: 2F
2-2: Foul Ball, location: 2F
2-2: Foul Ball, location: 2F
2-2: Foul Ball, location: 2F
2-2: SINGLE (Line Drive, 9S)
Mark Thomas to second
Runner from 2nd tries for 3rd, SAFE, throw made to third
Batting: SHB Juan Gómez 0-0: Ball
1-0: Called Strike
1-1: Ball
2-1: Ball
3-1: Fly out, F8 (Flyball, 8RM)
Runner from 3rd tags up, SCORES, throw made
Batting: LHB José Rodríguez 0-0: SINGLE (Flyball, 7S)
Chris Parker to second
Batting: LHB John Peterson 0-0: Foul Ball, location: 2F
0-1: Foul Ball, location: 2F
0-2: Ball
1-2: Fielders Choice at 2nd, 3-6 (Groundball, 34)
Chris Parker to third
Pinch Hitting: RHB Gustavo Díaz 0-0: Swinging Strike
0-1: Swinging Strike
0-2: Foul Ball, location: 2F
0-2: DOUBLE (Line Drive, 89D)
Chris Parker scores
John Peterson to third
Runner from 3rd tries for Home, SAFE, no throw
Batting: RHB Sadao Kimura 0-0: Ball
1-0: Ground out 6-3 (Groundball, 6)
Top of the 8th over - 3 run(s), 3 hit(s), 0 error(s), 1 left on base; Houston 5 - Chicago 1
BOTTOM OF THE 8TH
Chicago Machine batting - Pitching for Houston Marshals : RHP José Gonzáles
Now at 1B: Chris Parker
Now at SS: Alberto Velásquez
Batting: LHB Tanyu Imai 0-0: Fly out, F3 (Popup, 3L)
Pinch Hitting: RHB Will Lott 0-0: Called Strike
0-1: Ball
1-1: Ball
2-1: Swinging Strike
2-2: Foul Ball, location: 2F
2-2: Foul Ball, location: 2F
2-2: Foul Ball, location: 2F
2-2: Ground out 5-3 (Groundball, 5D)
Pinch Hitting: SHB Jesús Ramírez 0-0: Ball
1-0: Swinging Strike
1-1: Called Strike
1-2: Ball
2-2: Foul Ball, location: 2F
2-2: Foul Ball, location: 2F
2-2: Ball
3-2: SOLO HOME RUN (Flyball, 7D), Distance : 384 ft
Batting: RHB Doug Stephens 0-0: Ground out 4-3 (Groundball, 4)
Bottom of the 8th over - 1 run(s), 1 hit(s), 0 error(s), 0 left on base; Houston 5 - Chicago 2
TOP OF THE 9TH
Houston Marshals batting - Pitching for Chicago Machine : RHP Víctor Reyes
Now at 3B: Jesús Ramírez
Now in CF: Júlio Martínez
Batting: SHB Álex Rosado 0-0: Ball
1-0: Reached on error, E5 (Groundball, 56S)
Batting: SHB Ramón Lugo 0-0: Intentional Walk
Batting: LHB Mark Thomas 0-0: Bunted foul
0-1: Sac Bunt - play at first, batter OUT! 1-4
Álex Rosado to third
Ramón Lugo to second
Batting: RHB Chris Parker 0-0: Ball
1-0: DOUBLE (Flyball, 9D)
Álex Rosado scores
Ramón Lugo scores
Pitching: RHP Pedro Mendoza
Batting: SHB Juan Gómez 0-0: Ball
1-0: Called Strike
1-1: Called Strike
1-2: Foul Ball, location: 2F
1-2: Foul Ball, location: 2F
1-2: Ball
2-2: Ball
3-2: Base on Balls
Batting: LHB José Rodríguez 0-0: Grounds into double play, 4-6-3 (Groundball, 4)
Top of the 9th over - 2 run(s), 1 hit(s), 1 error(s), 1 left on base; Houston 7 - Chicago 2
BOTTOM OF THE 9TH
Chicago Machine batting - Pitching for Houston Marshals : RHP José Gonzáles
Batting: SHB Clint Woods 0-0: Ball
1-0: Ball
2-0: Foul Ball, location: 2F
2-1: Foul Ball, location: 2F
2-2: SINGLE (Groundball, 34D)
Pinch Hitting: RHB Raúl Bauza 0-0: Ball
1-0: Swinging Strike
1-1: Swinging Strike
1-2: Foul Ball, location: 2F
1-2: Ball
2-2: DOUBLE (Line Drive, 7LM)
Clint Woods to third
Pinch Runner at 2nd Dave Mullen:
Batting: RHB Roberto Tobías 0-0: Ball
1-0: Ball
2-0: Ball
3-0: Called Strike
3-1: Swinging Strike
3-2: Strikes out swinging
Pinch Hitting: RHB Lance Wolf 0-0: Foul Ball, location: 2F
0-1: Ball
1-1: Ground out 6-3 (Groundball, 56)
Clint Woods scores
Pitching: LHP Alfonso Ramos
Batting: SHB Joaquín López 0-0: Ball
1-0: Called Strike
1-1: SINGLE (Groundball, 25) (infield hit)
Dave Mullen to third
Pitching: RHP Dave Rhodes
Batting: LHB Tanyu Imai 0-0: Ball
1-0: Foul Ball, location: 2F
1-1: Ball
2-1: DOUBLE (Line Drive, 78D)
Dave Mullen scores
Joaquín López to third
Batting: LHB Júlio Martínez 0-0: Fly out, F6 (Line Drive, 6)
Bottom of the 9th over - 2 run(s), 4 hit(s), 0 error(s), 2 left on base; Houston 7 - Chicago 4
Tuesday, August 8th, 2017 - OOTP Baseball 17.12 Build 75